 Seeded DCSS version 0.30.0-10-gfe55d96785 (webtiles) character file.

Game seed: 18007716519941398942 (custom seed)

151837 IndexError the Warrior (level 17, -4/149 HPs)
             Began as a Gnoll Hunter on May 13, 2023.
             Was a Priest of Ashenzari.
             Killed from afar by a shock serpent (6 damage)
             ... with an electric aura
             ... on level 2 of the Snake Pit on May 14, 2023.
             The game lasted 00:41:37 (25947 turns).

IndexError the Warrior (Gnoll Hunter)              Turns: 25947, Time: 00:41:38

Health: -4/149     AC: 17    Str: 12    XL:     17   Next: 56%
Magic:  43/43      EV: 23    Int: 11    God:    Ashenzari [***...]
Gold:   2248       SH: 21    Dex: 24    Spells: 10/42 levels left

rFire   + . .        i - +8 hand crossbow of the Eternal Stickiness {penet, Fly rC+ Int+2 Dex+2, Range, Fort} (curse)
rCold   + + .        g - +2 kite shield
rNeg    . . .        K - +3 leather armour {rPois}
rPois   +            N - +2 hat "Lashed With Me" {Will+, Elem, Range} (curse)
rElec   .            q - +2 cloak of the Fated Ordeal {Self, Cun} (curse)
rCorr   .            U - +0 pair of gloves
SInv    +            f - +1 pair of boots "Eternal Stoicism" {Cun, Range} (curse)
Will    +++..        R - amulet of Ashenzari's Burden {Reflect Fragile rC+ MP+9 SH+5, Elem, Bglg} (curse)
Stlth   ++++++       u - ring of willpower
HPRegen 0.44/turn    Y - ring of protection from fire {rF+, !d}
MPRegen 0.28/turn

%: reflection, clarity
@: flying, studying Fighting
A: fangs 1, strong nose, distributed training
a: Renounce Religion, Curse Item, Shatter the Chains


You were on level 2 of the Snake Pit.
You worshipped Ashenzari.
Ashenzari was most pleased with you.
You visited 5 branches of the dungeon, and saw 25 of its levels.
You also visited: Ice Cave and Volcano.

You collected 2540 gold pieces.
You spent 292 gold pieces at shops.

Inventory:

Hand Weapons
 i - the cursed +8 hand crossbow of the Eternal Stickiness (weapon) {penet, Fly rC+ Int+2 Dex+2, Range, Fort}
   (You acquired it on level 1 of the Dungeon)

   Int:       It affects your intelligence (+2).
   Dex:       It affects your dexterity (+2).
   rC:        It protects you from cold.
   Fly:       It grants you flight.
   It has a curse which improves the following skills: Ranged Combat: Ranged
   Weapons and Throwing.
   Fortitude: Armour and Shields.
Missiles
 C - 7 atropa-tipped darts
Armour
 f - the cursed +1 pair of boots "Eternal Stoicism" (worn) {Cun, Range}
   (You found it on level 3 of the Dungeon)

   It has a curse which improves the following skills: Cunning: Dodging and
   Stealth.
   Ranged Combat: Ranged Weapons and Throwing.
 g - a +2 kite shield (worn)
   (You found it on level 11 of the Dungeon)
 q - the cursed +2 cloak of the Fated Ordeal (worn) {Self, Cun}
   (You found it on level 2 of the Dungeon)

   It has a curse which improves the following skills: Introspection: Fighting
   and Spellcasting.
   Cunning:   Dodging and Stealth.
 K - a +3 leather armour of poison resistance (worn)
   (You took it off Eustachio on level 6 of the Dungeon)
 N - the cursed +2 hat "Lashed With Me" (worn) {Will+, Elem, Range}
   (You took it off Gastronok on level 8 of the Dungeon)

   It has a curse which improves the following skills: Elements: Fire Magic, Ice
   Magic, Air Magic and Earth Magic.
   Ranged Combat: Ranged Weapons and Throwing.
 U - a +0 pair of gloves (worn)
   (You found it on level 10 of the Dungeon)
Jewellery
 s - a ring of protection from cold {rC+, !d}
   (You found it on level 13 of the Dungeon)
 u - a ring of willpower (left hand)
   (You found it on level 2 of the Dungeon)
 x - a ring of positive energy {rN+}
   (You found it on level 3 of the Dungeon)
 O - a +4 ring of slaying
   (You found it on level 5 of the Lair of Beasts)
 P - a ring of poison resistance {rPois, !d}
   (You found it on level 2 of the Lair of Beasts)
 R - the cursed amulet of Ashenzari's Burden (around neck) {Reflect Fragile rC+ MP+9 SH+5, Elem, Bglg}
   (You acquired it on level 2 of the Lair of Beasts)

   [amulet of reflection]

   It reflects blocked missile attacks.
   rC:        It protects you from cold.
   MP:        It affects your magic capacity (+9).
   Fragile:   It will be destroyed if unequipped.
   SH:        It affects your SH (+5).
   It has a curse which improves the following skills: Elements: Fire Magic, Ice
   Magic, Air Magic and Earth Magic.
   Beguiling: Conjurations, Hexes and Translocations.
 V - the ring of Eckitaof {rCorr MP+9 Slay+3 SInv}
   (You found it on level 2 of the Lair of Beasts)

   [ring of magical power]

   Slay:      It affects your accuracy & damage with ranged weapons and melee
   (+3).
   MP:        It affects your magic capacity (+9).
   SInv:      It lets you see invisible.
   rCorr:     It protects you from acid and corrosion.
 Y - a ring of protection from fire (right hand) {rF+, !d}
   (You found it on level 13 of the Dungeon)
Wands
 c - a wand of light (15)
   (You found it on level 1 of the Lair of Beasts)
 e - a wand of roots (14)
   (You found it in an ice cave)
 E - a wand of polymorph (11)
   (You found it on level 4 of the Dungeon)
 I - a wand of mindburst (9)
   (You took it off Ijyb on level 5 of the Dungeon)
 Q - a wand of digging (6)
   (You found it on level 4 of the Lair of Beasts)
 T - a wand of paralysis (11)
   (You found it on level 9 of the Dungeon)
Scrolls
 a - 4 scrolls of magic mapping {!r}
 b - 4 scrolls of immolation {!r}
 h - 4 scrolls of fog
 m - 2 scrolls of butterflies
 n - 2 scrolls of silence
 p - 3 scrolls of brand weapon
 t - 5 scrolls of amnesia
 y - 3 scrolls of blinking {!r}
 z - 2 scrolls of torment {!r}
 A - 6 scrolls of vulnerability {!r!r}
 D - 3 scrolls of enchant weapon
 F - 8 scrolls of teleportation
 M - 2 scrolls of poison
Potions
 d - 3 potions of heal wounds
 j - a potion of magic
 k - 10 potions of might
 o - 6 potions of attraction {!q}
 r - 3 potions of haste
 G - a potion of mutation {!q}
 H - 10 potions of curing
 J - 2 potions of invisibility
 L - 2 potions of brilliance
 S - a potion of flight
 W - a potion of resistance
 X - 6 potions of ambrosia
 Z - 3 potions of cancellation
Miscellaneous
 l - a condenser vane
   (You found it on level 2 of the Lair of Beasts)
 v - a lightning rod (4/4)
   (You found it on level 13 of the Dungeon)
 w - a box of beasts
   (You found it on level 5 of the Lair of Beasts)
 B - a piece from Xom's chessboard (15/15)
   (You found it on level 3 of the Dungeon)


   Skills:
 + Level 16.7(18.0) Fighting
 + Level 11.6 Short Blades
 + Level 11.6 Long Blades
 + Level 11.6 Axes
 + Level 11.6 Maces & Flails
 + Level 11.6 Polearms
 + Level 11.6 Staves
 + Level 14.2(17.1) Ranged Weapons
 + Level 11.6(14.5) Throwing
 + Level 11.6(13.1) Armour
 + Level 12.5(14.6) Dodging
 + Level 11.9(14.1) Stealth
 + Level 11.6(13.1) Shields
 + Level 11.6 Unarmed Combat
 + Level 11.6(13.1) Spellcasting
 + Level 9.8(11.3) Conjurations
 + Level 9.8(11.3) Hexes
 + Level 9.8 Summonings
 + Level 9.8 Necromancy
 + Level 9.8(11.3) Translocations
 + Level 9.8 Transmutations
 + Level 9.8(12.0) Fire Magic
 + Level 9.8(12.0) Ice Magic
 + Level 9.8(12.0) Air Magic
 + Level 9.8(12.0) Earth Magic
 + Level 9.8 Poison Magic
 + Level 12.6 Invocations
 + Level 11.6 Evocations


You had 10 spell levels left.
You knew the following spells:

 Your Spells              Type           Power      Damage    Failure   Level
a - Frozen Ramparts       Ice            66%        1d10      1%          3
b - Blink                 Tloc           64%        N/A       1%          2
c - Borgnjor's Vile Clut  Necr/Erth      15%        N/A       8%          5
d - Silence               Hex/Air        16%        N/A       5%          5
e - Flame Wave            Conj/Fire      33%        2d10      1%          4
f - Fireball              Conj/Fire      16%        3d8       5%          5
g - Olgreb's Toxic Radia  Pois           28%        N/A       4%          4
s - Sticky Flame          Conj/Fire      33%        2d5       1%          4

Your spell library contained the following spells:

 Spells                   Type           Power      Damage    Failure   Level
 Apportation              Tloc           64%        N/A       1%          1
 Freeze                   Ice            100%       1d10      1%          1
 Necrotise                Necr           100%       1d9       1%          1
 Sting                    Tmut/Pois      100%       1d8       1%          1
 Summon Small Mammal      Summ           100%       N/A       1%          1
 Lesser Beckoning         Tloc           64%        N/A       1%          2
 Poisonous Vapours        Pois/Air       62%        N/A       1%          2
 Scorch                   Fire           66%        2d8       1%          2
 Dazzling Flash           Conj/Hex       64%        N/A       1%          3
 Gell's Gravitas          Tloc           32%        N/A       1%          3
 Hailstorm                Conj/Ice       33%        3d8       1%          3
 Inner Flame              Hex/Fire       33%        N/A       1%          3
 Teleport Other           Tloc           32%        N/A       1%          3
 Tukima's Dance           Hex            32%        N/A       1%          3
 Vhi's Electric Charge    Tloc/Air       66%        N/A       1%          3
 Volatile Blastmotes      Fire/Tloc      66%        2d15      1%          3
 Manifold Assault         Tloc           32%        N/A       2%          4
 Passage of Golubria      Tloc           32%        N/A       2%          4
 Summon Ice Beast         Ice/Summ       31%        N/A       2%          4
 Iskenderun's Battlesphe  Conj           32%        2d8       6%          5
 Yara's Violent Unravell  Hex/Tmut       15%        3d8       9%          5
 Agony                    Necr           28%        N/A       12%         5
 Alistair's Intoxication  Tmut/Pois      18%        N/A       12%         5
 Conjure Ball Lightning   Conj/Air       16%        3x3d6     30%         6
 Eringya's Noxious Bog    Tmut/Pois      14%        N/A       54%         6
 Summon Cactus Giant      Summ           14%        N/A       54%         6
 Orb of Destruction       Conj           16%        9d7       89%         7
 Storm Form               Tmut/Air       15%        N/A       92%         7
 Polar Vortex             Ice            16%        N/A       100%        9


Dungeon Overview and Level Annotations

Branches:
Dungeon (15/15)            Temple (1/1) D:7            Lair (5/5) D:10
 Shoals (0/4) Lair:2        Snake (2/4) Lair:2        Slime (0/5) Lair:5
    Orc (2/2) D:9             Elf (0/3) Orc:2        Vaults (0/5) D:14
 Depths (0/4) D:15          IceCv (visited)         Volcano (visited)

Altars:
Ashenzari
Cheibriados
Dithmenos
Elyvilon
Fedhas
Gozag
Hepliaklqana
Kikubaaqudgha
Makhleb
Nemelex Xobeh
Okawaru
Qazlal
Ru
Sif Muna
Trog
Uskayaw
Vehumet
Wu Jian
Xom
Yredelemnul
Zin
The Shining One

Shops:
D:2 :   D:6 ?   D:7 (   D:13 (?   Orc:2 (*[=

Portals:
Trove: D:15 (give 8 scrolls of fear)


Innate Abilities, Weirdness & Mutations

You have very sharp teeth.
Your uncanny sense of smell can sniff out nearby items.
Your experience applies equally to all skills.


Message History

The naga ritualist mumbles some strange prayers to its god.
The naga ritualist begins to radiate toxic energy.
You shoot a bolt.
The bolt barely misses the naga ritualist.
You feel sick.
You are no longer poisoned.
You block the naga ritualist's attack.
You take 2 damage, and have 130/149 hp.
You shoot a bolt.
The bolt barely misses the naga ritualist.
The naga ritualist calls down the wrath of its god upon you.
You resist with almost no effort.
The naga ritualist mumbles some strange prayers to its god against you.
You resist with almost no effort.
You take 1 damage, and have 129/149 hp.
You shoot a bolt.
The bolt barely misses the naga ritualist.
The naga ritualist spits poison at you.
You block splash of poison... and reflect it back!
The splash of poison hits the naga ritualist but does no damage.
You take 1 damage, and have 128/149 hp.
You shoot a bolt.
The bolt pierces through the naga ritualist!!
A black mamba comes into view.
You regained 3 hp, and now have 132/149 hp.
You regained 2 mp, and now have 40/43 mp.
You shoot a bolt. The black mamba hisses angrily.
The bolt pierces through the black mamba!!
You shoot a bolt.
The bolt pierces through the black mamba!!
No target in view!
Magic restored.
You sense a monster nearby.
You regained 13 hp, and now have 146/149 hp.
MP restored: 43 No target in view!
A shock serpent comes into view.
You shoot a bolt. The shock serpent hisses angrily.
The bolt pierces through the shock serpent.
The shock serpent shoots out a bolt of lightning at you!
The bolt of electricity misses you. The bolt of electricity hits you!
You take 14 damage, and have 134/149 hp.
You shoot a bolt.
The bolt pierces through the shock serpent!!
The shock serpent shoots out a bolt of lightning at you!
The bolt of electricity misses you. The bolt of electricity hits you!!
The shock serpent shoots out a bolt of lightning at you!
The bolt of electricity hits you. The bolt of electricity hits you!!
You take 51 damage, and have 83/149 hp.
MASSIVE DAMAGE!!
You are too injured to fight recklessly!
The shock serpent shoots out a bolt of lightning at you!
The bolt of electricity hits you!!
You see here a black mamba corpse.
You take 26 damage, and have 57/149 hp.
You are too injured to fight recklessly!
You are too injured to fight recklessly!
Fire: i) +8 hand crossbow of the Eternal Stickiness {penet, Fly rC+ Int+2 Dex+2, Range, Fort} (curse)
Press: ? - help, Q - select action, (/) - cycle Shift-Dir - straight line, f/p - shock serpent
Aim: a shock serpent (moderately wounded, 71% to hit)
You shoot a bolt.
The bolt pierces through the shock serpent but does no damage.
The shock serpent shoots out a bolt of lightning at you!
The bolt of electricity hits you!!
* * * LOW HITPOINT WARNING * * *
You take 23 damage, and have 34/149 hp.
Fire: i) +8 hand crossbow of the Eternal Stickiness {penet, Fly rC+ Int+2 Dex+2, Range, Fort} (curse)
Press: ? - help, Q - select action, (/) - cycle Shift-Dir - straight line, f/p - shock serpent
Aim: a shock serpent (moderately wounded, 71% to hit)
You shoot a bolt.
The bolt pierces through the shock serpent!!
The shock serpent's electric aura discharges, shocking you!
* * * LOW HITPOINT WARNING * * *
The shock serpent shoots out a bolt of lightning at you!
The bolt of electricity hits you!!
* * * LOW HITPOINT WARNING * * *
You take 25 damage, and have 9/149 hp.
Fire: i) +8 hand crossbow of the Eternal Stickiness {penet, Fly rC+ Int+2 Dex+2, Range, Fort} (curse)
Press: ? - help, Q - select action, (/) - cycle Shift-Dir - straight line, f/p - shock serpent
Aim: a shock serpent (severely wounded, 71% to hit)
You shoot a bolt.
The bolt pierces through the shock serpent!
The shock serpent's electric aura discharges, shocking you!
The shock serpent closely misses you.
Fire: i) +8 hand crossbow of the Eternal Stickiness {penet, Fly rC+ Int+2 Dex+2, Range, Fort} (curse)
Press: ? - help, Q - select action, (/) - cycle Shift-Dir - straight line, f/p - shock serpent
Aim: a shock serpent (almost dead, 71% to hit)
You shoot a bolt. The bolt misses the shock serpent.
The shock serpent misses you.
The shock serpent shoots out a bolt of lightning at you!
The bolt of electricity hits you!
* * * LOW HITPOINT WARNING * * *
You take 8 damage, and have 2/149 hp.
Aiming: Mindburst
Press: ? - help, Shift-Dir - straight line, f/p - shock serpent
Aim: a shock serpent (almost dead, chance to affect: 81%)
The shock serpent's mind is blasted!!!
The air sparks with electricity, shocking you!
You die...

....... ##..##..... , ..
*#...####)..##..... #..
#...†)..........# ,
#...* #..).).........##
* * ...
#.....##.........
#.###................
####....##).##N.....#...
#.......#).###......#.#.
#......@..)...)...#.....
#....##.#.....##.##....,
####....#..>..#*.#.....
#..###...##.....##. ,
#..###...# .... #.
###......##..#.. *
##......<....# .#*
####........##### . ...#
#........#### ##. ...


There were no monsters in sight!

Vanquished Creatures
  Vashnia (Snake:2)
  Jorgrun (Orc:2)
  Rupert (Orc:2)
  Gastronok (D:8)
  An orc warlord (Orc:1)
  An ironbound preserver (D:14)
  Nessos (Orc:2)
  A fire dragon (Lair:5)
  An ettin (Orc:1)
  Josephine (Snake:1)
  A salamander tyrant (Snake:2)
  2 anacondas (Snake:1)
  5 hydras
  Harold (D:9)
  A catoblepas (D:13)
  2 ice dragons (D:15)
  3 centaur warriors
  A two-headed ogre (D:13)
  The ghost of kernmantle the Covert, a journeyman OpWn of Vehumet (Orc:1)
  A dancing weapon (Volcano)
  Erica (D:8)
  3 boulder beetles
  A naga warrior (Snake:1)
  An orc high priest (Orc:2)
  7 naga sharpshooters
  2 shock serpents
  Urug (Orc:1)
  Nergalle (D:10)
  2 skysharks (Lair:5)
  3 naga ritualists
  A glowing orange brain (D:15)
  5 wizards (Volcano)
  2 lindwurms
  4 mana vipers
  4 orc knights
  2 deep elf pyromancers
  4 orc sorcerers (Orc:2)
  3 ugly things
  26 elephants
  4 oklob plants (Lair:2)
  8 cyclopes
  5 manticores
  6 salamanders
  A cyclops (shapeshifter) (D:15)
  27 black mambas
  2 merfolk sirens (Lair:2)
  4 naga magi
  2 ice statues (IceCv)
  5 toenail golems (Volcano)
  12 cane toads
  2 gargoyles
  2 molten gargoyles (Lair:5)
  2 freezing wraiths
  3 efreet
  An unseen horror (shapeshifter) (D:15)
  2 kobold demonologists
  2 ice devils (D:11)
  7 komodo dragons
  4 rime drakes
  2 guardian mummies (D:15)
  2 merfolk (Lair:2)
  A polar bear (shapeshifter) (D:14)
  6 trolls
  2 polar bears (Lair:3)
  Grinder (D:5)
  A wind drake (shapeshifter) (D:14)
  A raiju (shapeshifter) (D:15)
  A dream sheep (shapeshifter) (D:14)
  15 blink frogs
  A jumping spider (shapeshifter) (D:15)
  8 slime creatures
  5 wraiths
  12 wyverns
  37 yaks
  Eustachio (D:6)
  A dire elephant simulacrum (IceCv)
  9 basilisks
  4 steam dragons
  6 vampire mosquitoes
  5 wargs
  7 nagas
  3 acid dragons
  4 hell hounds (Lair:5)
  A floating eye (D:9)
  28 water moccasins
  2 ice beasts (D:7)
  A spectral troll (Orc:1)
  21 orc warriors
  3 black bears
  8 ogres
  11 wolves
  14 centaurs
  3 phantoms (D:5)
  6 kobold brigands
  Blork the orc (D:4)
  4 gnoll sergeants
  6 bullfrogs
  2 scorpions
  A cane toad simulacrum (IceCv)
  9 wights
  A spectral ogre (Orc:1)
  19 killer bees
  An elephant simulacrum (IceCv)
  2 electric eels (Lair:4)
  A crimson imp (D:9)
  5 lava snakes (Lair:5)
  2 jellies
  4 gnoll boudas
  9 orc priests
  3 hounds
  A sleepcap (D:4)
  Crazy Yiuf (D:7)
  2 iguanas
  13 orc wizards
  Ijyb (D:5)
  6 hell rats (Lair:5)
  2 polar bear simulacra (IceCv)
  A spectral orc (Orc:1)
  A troll simulacrum (Orc:1)
  40 gnolls
  6 adders
  3 ogre simulacra (Orc:1)
  6 shadow imps
  2 white imps
  An orc simulacrum (Orc:1)
  3 worms (D:2)
  4 dart slugs
  35 orcs
  3 bats
  10 endoplasms
  4 giant cockroaches
  11 goblins
  2 hobgoblins (D:1)
  6 jackals
  22 kobolds
  4 quokkas
  7 ball pythons
  4 frilled lizards
  6 rats
  A butterfly (D:3)
713 creatures vanquished.

Notes
Turn   | Place    | Note
-------+----------+-------------------------------------------
     0 | D:1      | IndexError the Gnoll Hunter began the quest for the Orb.
     0 | D:1      | Reached XP level 1. HP: 20/20 MP: 1/1
    52 | D:1      | Reached XP level 2. HP: 21/26 MP: 2/2
   147 | D:1      | Identified 3 scrolls of acquirement
   147 | D:1      | Acquired a manual of Fighting
   149 | D:1      | Acquired the +0 helmet of Hopscotch {Dex+3}
   150 | D:1      | Acquired the +8 hand crossbow "Zoxacuange" {penet, Fly rC+
                  | Int+2 Dex+2}
   343 | D:1      | Reached XP level 3. HP: 31/31 MP: 3/3
   520 | D:1      | Reached skill level 1 in Invocations
   569 | D:1      | Found a faded altar of an unknown god.
   569 | D:1      | Noticed a neqoxec
   994 | D:2      | Reached skill level 1 in Short Blades
   994 | D:2      | Reached skill level 1 in Long Blades
   994 | D:2      | Reached skill level 1 in Axes
   994 | D:2      | Reached skill level 1 in Maces & Flails
   994 | D:2      | Reached skill level 1 in Polearms
   994 | D:2      | Reached skill level 1 in Staves
   994 | D:2      | Reached skill level 1 in Throwing
   994 | D:2      | Reached skill level 1 in Armour
   994 | D:2      | Reached skill level 1 in Shields
   994 | D:2      | Reached skill level 1 in Unarmed Combat
   994 | D:2      | Reached skill level 1 in Spellcasting
   994 | D:2      | Reached skill level 1 in Evocations
  1043 | D:2      | Reached XP level 4. HP: 38/38 MP: 5/5
  1128 | D:2      | Found Lemucar's Book Boutique.
  1160 | D:2      | Identified the +2 hand axe "Plog" {drain, +Blink rCorr}
  1479 | D:2      | Reached skill level 1 in Conjurations
  1479 | D:2      | Reached skill level 1 in Hexes
  1479 | D:2      | Reached skill level 1 in Summonings
  1479 | D:2      | Reached skill level 1 in Necromancy
  1479 | D:2      | Reached skill level 1 in Translocations
  1479 | D:2      | Reached skill level 1 in Transmutations
  1479 | D:2      | Reached skill level 1 in Fire Magic
  1479 | D:2      | Reached skill level 1 in Ice Magic
  1479 | D:2      | Reached skill level 1 in Air Magic
  1479 | D:2      | Reached skill level 1 in Earth Magic
  1479 | D:2      | Reached skill level 1 in Poison Magic
  1858 | D:3      | Found a glowing silver altar of Zin.
  1900 | D:3      | Found a glowing golden altar of the Shining One.
  1918 | D:3      | Found a stormy altar of Qazlal.
  1974 | D:3      | Found a shimmering altar of Xom.
  2537 | D:4      | Noticed Blork the orc
  2539 | D:4      | Killed Blork the orc
  2540 | D:4      | Reached skill level 5 in Fighting
  2540 | D:4      | Reached XP level 5. HP: 44/44 MP: 5/7
  2601 | D:4      | Found a sparkling altar of Nemelex Xobeh.
  2717 | D:4      | Reached skill level 3 in Stealth
  2717 | D:4      | Reached skill level 2 in Invocations
  2717 | D:4      | Reached XP level 6. HP: 51/51 MP: 8/8
  2886 | D:4      | Reached skill level 5 in Dodging
  2893 | D:4      | Found an ornate altar of the Wu Jian Council.
  2948 | D:4      | Reached skill level 2 in Short Blades
  2948 | D:4      | Reached skill level 2 in Long Blades
  2948 | D:4      | Reached skill level 2 in Axes
  2948 | D:4      | Reached skill level 2 in Maces & Flails
  2948 | D:4      | Reached skill level 2 in Polearms
  2948 | D:4      | Reached skill level 2 in Staves
  2948 | D:4      | Reached skill level 2 in Throwing
  2948 | D:4      | Reached skill level 2 in Armour
  2948 | D:4      | Reached skill level 2 in Shields
  2948 | D:4      | Reached skill level 2 in Unarmed Combat
  2948 | D:4      | Reached skill level 2 in Spellcasting
  2948 | D:4      | Reached skill level 2 in Evocations
  3037 | D:5      | Entered Level 5 of the Dungeon
  3060 | D:5      | Noticed Ijyb
  3067 | D:5      | Killed Ijyb
  3068 | D:5      | Reached XP level 7. HP: 57/57 MP: 10/10
  3072 | D:5      | Reached skill level 2 in Conjurations
  3072 | D:5      | Reached skill level 2 in Hexes
  3072 | D:5      | Reached skill level 2 in Summonings
  3072 | D:5      | Reached skill level 2 in Necromancy
  3072 | D:5      | Reached skill level 2 in Translocations
  3072 | D:5      | Reached skill level 2 in Transmutations
  3072 | D:5      | Reached skill level 2 in Fire Magic
  3072 | D:5      | Reached skill level 2 in Ice Magic
  3072 | D:5      | Reached skill level 2 in Air Magic
  3072 | D:5      | Reached skill level 2 in Earth Magic
  3072 | D:5      | Reached skill level 2 in Poison Magic
  3089 | D:5      | Reached skill level 6 in Fighting
  3096 | D:5      | Reached skill level 9 in Ranged Weapons
  3096 | D:5      | Reached skill level 3 in Invocations
  3361 | D:5      | Noticed Grinder
  3366 | D:5      | Reached skill level 3 in Short Blades
  3366 | D:5      | Reached skill level 3 in Long Blades
  3366 | D:5      | Reached skill level 3 in Axes
  3366 | D:5      | Reached skill level 3 in Maces & Flails
  3366 | D:5      | Reached skill level 3 in Polearms
  3366 | D:5      | Reached skill level 3 in Staves
  3366 | D:5      | Reached skill level 3 in Throwing
  3366 | D:5      | Reached skill level 3 in Armour
  3366 | D:5      | Reached skill level 3 in Shields
  3366 | D:5      | Reached skill level 3 in Unarmed Combat
  3366 | D:5      | Reached skill level 3 in Spellcasting
  3366 | D:5      | Reached skill level 3 in Evocations
  3366 | D:5      | Reached XP level 8. HP: 65/65 MP: 12/12
  3369 | D:5      | Killed Grinder
  3370 | D:5      | Reached skill level 4 in Stealth
  3504 | D:5      | Reached skill level 7 in Fighting
  3507 | D:5      | Reached skill level 3 in Conjurations
  3507 | D:5      | Reached skill level 3 in Hexes
  3507 | D:5      | Reached skill level 3 in Summonings
  3507 | D:5      | Reached skill level 3 in Necromancy
  3507 | D:5      | Reached skill level 3 in Translocations
  3507 | D:5      | Reached skill level 3 in Transmutations
  3507 | D:5      | Reached skill level 3 in Fire Magic
  3507 | D:5      | Reached skill level 3 in Ice Magic
  3507 | D:5      | Reached skill level 3 in Air Magic
  3507 | D:5      | Reached skill level 3 in Earth Magic
  3507 | D:5      | Reached skill level 3 in Poison Magic
  3507 | D:5      | Reached skill level 4 in Invocations
  3536 | D:5      | Reached skill level 6 in Dodging
  3695 | D:5      | Found a sacrificial altar of Ru.
  3870 | D:6      | Reached XP level 9. HP: 72/72 MP: 14/14
  3888 | D:6      | Noticed Eustachio
  3891 | D:6      | Killed Eustachio
  3892 | D:6      | Reached skill level 4 in Short Blades
  3892 | D:6      | Reached skill level 4 in Long Blades
  3892 | D:6      | Reached skill level 4 in Axes
  3892 | D:6      | Reached skill level 4 in Maces & Flails
  3892 | D:6      | Reached skill level 4 in Polearms
  3892 | D:6      | Reached skill level 4 in Staves
  3892 | D:6      | Reached skill level 4 in Throwing
  3892 | D:6      | Reached skill level 4 in Armour
  3892 | D:6      | Reached skill level 4 in Shields
  3892 | D:6      | Reached skill level 4 in Unarmed Combat
  3892 | D:6      | Reached skill level 4 in Spellcasting
  3892 | D:6      | Reached skill level 4 in Evocations
  4130 | D:6      | Noticed a kobold demonologist
  4134 | D:6      | Killed a kobold demonologist
  4241 | D:6      | Found Bevuivysk's Magic Scroll Shop.
  4329 | D:6      | Reached skill level 5 in Stealth
  4338 | D:6      | Found a basalt altar of Yredelemnul.
  4399 | D:6      | Reached skill level 8 in Fighting
  4467 | D:6      | Reached skill level 5 in Invocations
  4821 | D:6      | Bought a scroll of enchant armour for 112 gold pieces
  5159 | D:7      | Reached skill level 4 in Conjurations
  5159 | D:7      | Reached skill level 4 in Hexes
  5159 | D:7      | Reached skill level 4 in Summonings
  5159 | D:7      | Reached skill level 4 in Necromancy
  5159 | D:7      | Reached skill level 4 in Translocations
  5159 | D:7      | Reached skill level 4 in Transmutations
  5159 | D:7      | Reached skill level 4 in Fire Magic
  5159 | D:7      | Reached skill level 4 in Ice Magic
  5159 | D:7      | Reached skill level 4 in Air Magic
  5159 | D:7      | Reached skill level 4 in Earth Magic
  5159 | D:7      | Reached skill level 4 in Poison Magic
  5164 | D:7      | Found a bloodstained altar of Trog.
  5197 | D:7      | Found Voneir's Antique Weapon Shop.
  5206 | D:7      | Upgraded the game from 0.30.0-7-g0c4daa9e05 to
                  | 0.30.0-10-gfe55d96785
  5218 | D:7      | Found a staircase to the Ecumenical Temple.
  5227 | Temple   | Entered the Ecumenical Temple
  5392 | Temple   | Became a worshipper of Ashenzari the Shackled
  5623 | D:7      | Reached skill level 5 in Short Blades
  5623 | D:7      | Reached skill level 5 in Long Blades
  5623 | D:7      | Reached skill level 5 in Axes
  5623 | D:7      | Reached skill level 5 in Maces & Flails
  5623 | D:7      | Reached skill level 5 in Polearms
  5623 | D:7      | Reached skill level 5 in Staves
  5623 | D:7      | Reached skill level 5 in Throwing
  5623 | D:7      | Reached skill level 5 in Armour
  5623 | D:7      | Reached skill level 5 in Shields
  5623 | D:7      | Reached skill level 5 in Unarmed Combat
  5623 | D:7      | Reached skill level 5 in Spellcasting
  5623 | D:7      | Reached skill level 5 in Evocations
  5623 | D:7      | Reached XP level 10. HP: 62/82 MP: 17/17
  5813 | D:7      | Reached skill level 10 in Ranged Weapons
  5849 | D:7      | Found a runed translucent door.
  5850 | D:7      | Noticed Crazy Yiuf
  6101 | D:7      | Killed Crazy Yiuf
  6396 | D:8      | Noticed Erica
  6415 | D:8      | Killed Erica
  6416 | D:8      | Reached skill level 9 in Fighting
  6416 | D:8      | Reached skill level 7 in Dodging
  6620 | D:8      | Noticed Gastronok
  6633 | D:8      | Killed Gastronok
  6634 | D:8      | Reached skill level 6 in Stealth
  6634 | D:8      | Reached skill level 6 in Invocations
  6666 | D:8      | You are sucked into a shaft and drop 1 floor!
  6716 | D:9      | Reached skill level 6 in Short Blades
  6716 | D:9      | Reached skill level 6 in Long Blades
  6716 | D:9      | Reached skill level 6 in Axes
  6716 | D:9      | Reached skill level 6 in Maces & Flails
  6716 | D:9      | Reached skill level 6 in Polearms
  6716 | D:9      | Reached skill level 6 in Staves
  6716 | D:9      | Reached skill level 6 in Throwing
  6716 | D:9      | Reached skill level 6 in Armour
  6716 | D:9      | Reached skill level 6 in Shields
  6716 | D:9      | Reached skill level 6 in Unarmed Combat
  6716 | D:9      | Reached skill level 6 in Spellcasting
  6716 | D:9      | Reached skill level 6 in Evocations
  6718 | D:9      | Reached skill level 5 in Conjurations
  6718 | D:9      | Reached skill level 5 in Hexes
  6718 | D:9      | Reached skill level 5 in Summonings
  6718 | D:9      | Reached skill level 5 in Necromancy
  6718 | D:9      | Reached skill level 5 in Translocations
  6718 | D:9      | Reached skill level 5 in Transmutations
  6718 | D:9      | Reached skill level 5 in Fire Magic
  6718 | D:9      | Reached skill level 5 in Ice Magic
  6718 | D:9      | Reached skill level 5 in Air Magic
  6718 | D:9      | Reached skill level 5 in Earth Magic
  6718 | D:9      | Reached skill level 5 in Poison Magic
  6718 | D:9      | Reached XP level 11. HP: 90/90 MP: 18/20
  6733 | D:9      | Reached skill level 10 in Fighting
  6757 | D:9      | Noticed Harold
  6763 | D:9      | Killed Harold
  6883 | D:9      | Found a staircase to the Orcish Mines.
  7048 | D:9      | Found a burning altar of Makhleb.
  7048 | D:9      | Found a radiant altar of Vehumet.
  7159 | D:9      | Reached skill level 7 in Invocations
  7620 | D:8      | Found an iron altar of Okawaru.
  7889 | Orc:1    | Entered Level 1 of the Orcish Mines
  7919 | D:10     | Entered Level 10 of the Dungeon
  8106 | D:10     | Noticed a manticore
  8111 | D:10     | Killed a manticore
  8112 | D:10     | Reached skill level 8 in Dodging
  8205 | D:10     | Found an ancient bone altar of Kikubaaqudgha.
  8261 | D:10     | Noticed Nergalle
  8266 | D:10     | Killed Nergalle
  8267 | D:10     | Reached skill level 7 in Stealth
  8351 | D:10     | Found a snail-covered altar of Cheibriados.
  8880 | D:10     | Found a staircase to the Lair.
  9093 | D:11     | Noticed a manticore
  9099 | D:11     | Killed a manticore
  9168 | D:11     | Reached skill level 11 in Ranged Weapons
  9310 | D:11     | Reached skill level 11 in Fighting
  9313 | D:11     | Reached skill level 7 in Short Blades
  9313 | D:11     | Reached skill level 7 in Long Blades
  9313 | D:11     | Reached skill level 7 in Axes
  9313 | D:11     | Reached skill level 7 in Maces & Flails
  9313 | D:11     | Reached skill level 7 in Polearms
  9313 | D:11     | Reached skill level 7 in Staves
  9313 | D:11     | Reached skill level 7 in Throwing
  9313 | D:11     | Reached skill level 7 in Armour
  9313 | D:11     | Reached skill level 7 in Shields
  9313 | D:11     | Reached skill level 7 in Unarmed Combat
  9313 | D:11     | Reached skill level 7 in Spellcasting
  9313 | D:11     | Reached skill level 7 in Evocations
  9386 | D:11     | Found a frozen archway.
  9448 | D:11     | Reached XP level 12. HP: 81/100 MP: 22/22
  9531 | IceCv    | Entered an ice cave
  9553 | IceCv    | Found a transporter.
  9562 | IceCv    | Found a transporter.
  9573 | IceCv    | Reached skill level 6 in Conjurations
  9573 | IceCv    | Reached skill level 6 in Hexes
  9573 | IceCv    | Reached skill level 6 in Summonings
  9573 | IceCv    | Reached skill level 6 in Necromancy
  9573 | IceCv    | Reached skill level 6 in Translocations
  9573 | IceCv    | Reached skill level 6 in Transmutations
  9573 | IceCv    | Reached skill level 6 in Fire Magic
  9573 | IceCv    | Reached skill level 6 in Ice Magic
  9573 | IceCv    | Reached skill level 6 in Air Magic
  9573 | IceCv    | Reached skill level 6 in Earth Magic
  9573 | IceCv    | Reached skill level 6 in Poison Magic
  9589 | IceCv    | Reached skill level 8 in Invocations
  9731 | IceCv    | Got the Anthology of Hail
 10186 | D:11     | Reached * piety under Ashenzari
 10368 | D:12     | Noticed a boulder beetle
 10398 | D:12     | Killed a boulder beetle
 10657 | D:12     | Reached skill level 8 in Stealth
 10675 | D:12     | Reached skill level 9 in Dodging
 11096 | D:12     | Learned a level 2 spell: Blink
 11100 | D:12     | Learned a level 3 spell: Frozen Ramparts
 11147 | D:13     | Reached skill level 12 in Fighting
 11413 | D:13     | Noticed a two-headed ogre
 11418 | D:13     | Killed a two-headed ogre
 11437 | D:13     | Identified a lightning rod (4/4)
 11446 | D:13     | Found Mothac's Firing Range.
 11480 | D:13     | Found Waneopp's Magic Scroll Boutique.
 11589 | D:13     | Reached skill level 8 in Short Blades
 11589 | D:13     | Reached skill level 8 in Long Blades
 11589 | D:13     | Reached skill level 8 in Axes
 11589 | D:13     | Reached skill level 8 in Maces & Flails
 11589 | D:13     | Reached skill level 8 in Polearms
 11589 | D:13     | Reached skill level 8 in Staves
 11589 | D:13     | Reached skill level 8 in Throwing
 11589 | D:13     | Reached skill level 8 in Armour
 11589 | D:13     | Reached skill level 8 in Shields
 11589 | D:13     | Reached skill level 8 in Unarmed Combat
 11589 | D:13     | Reached skill level 8 in Spellcasting
 11589 | D:13     | Reached skill level 8 in Evocations
 11608 | D:13     | Reached ** piety under Ashenzari
 11615 | D:13     | Noticed a centaur warrior
 11622 | D:13     | Killed a centaur warrior
 11795 | D:13     | Reached XP level 13. HP: 111/111 MP: 26/26
 11810 | D:13     | Reached skill level 9 in Invocations
 11988 | D:13     | HP: 27/111 [catoblepas (20)]
 12493 | D:14     | Reached skill level 7 in Conjurations
 12493 | D:14     | Reached skill level 7 in Hexes
 12493 | D:14     | Reached skill level 7 in Summonings
 12493 | D:14     | Reached skill level 7 in Necromancy
 12493 | D:14     | Reached skill level 7 in Translocations
 12493 | D:14     | Reached skill level 7 in Transmutations
 12493 | D:14     | Reached skill level 7 in Fire Magic
 12493 | D:14     | Reached skill level 7 in Ice Magic
 12493 | D:14     | Reached skill level 7 in Air Magic
 12493 | D:14     | Reached skill level 7 in Earth Magic
 12493 | D:14     | Reached skill level 7 in Poison Magic
 12696 | D:14     | Found a shimmering blue altar of Sif Muna.
 12880 | D:14     | Found a gate to the Vaults.
 12880 | D:14     | Noticed an ironbound preserver
 12890 | D:14     | Killed an ironbound preserver
 12891 | D:14     | Reached skill level 12 in Ranged Weapons
 12974 | D:14     | Reached skill level 9 in Stealth
 13160 | D:14     | Reached skill level 13 in Fighting
 13579 | D:15     | Entered Level 15 of the Dungeon
 13774 | D:15     | Reached skill level 10 in Dodging
 13935 | D:15     | Noticed an ice dragon
 13935 | D:15     | Noticed an ice dragon
 13943 | D:15     | Killed an ice dragon
 13951 | D:15     | Killed an ice dragon
 14038 | D:15     | Found a staircase to the Depths.
 14233 | D:15     | Reached skill level 9 in Short Blades
 14233 | D:15     | Reached skill level 9 in Long Blades
 14233 | D:15     | Reached skill level 9 in Axes
 14233 | D:15     | Reached skill level 9 in Maces & Flails
 14233 | D:15     | Reached skill level 9 in Polearms
 14233 | D:15     | Reached skill level 9 in Staves
 14233 | D:15     | Reached skill level 9 in Throwing
 14233 | D:15     | Reached skill level 9 in Armour
 14233 | D:15     | Reached skill level 9 in Shields
 14233 | D:15     | Reached skill level 9 in Unarmed Combat
 14233 | D:15     | Reached skill level 9 in Spellcasting
 14233 | D:15     | Reached skill level 9 in Evocations
 14298 | D:15     | Found a portal to a secret trove of treasure.
 14769 | Lair:1   | Entered Level 1 of the Lair of Beasts
 15249 | Lair:1   | Reached XP level 14. HP: 123/123 MP: 28/28
 15723 | Lair:2   | Reached skill level 10 in Invocations
 15982 | Lair:2   | Found a staircase to the Snake Pit.
 16581 | Lair:2   | Found a staircase to the Shoals.
 16805 | Lair:2   | HP: 17/123 [oklob plant/splash of acid (21)]
 17079 | Lair:2   | Acquired the amulet of Lehomeno {Reflect Fragile rC+ MP+9
                  | SH+5}
 17125 | Lair:2   | Identified the ring of Eckitaof {rCorr MP+9 Slay+3 SInv}
 17350 | Lair:3   | Reached skill level 14 in Fighting
 17411 | Lair:3   | Reached skill level 8 in Conjurations
 17411 | Lair:3   | Reached skill level 8 in Hexes
 17411 | Lair:3   | Reached skill level 8 in Summonings
 17411 | Lair:3   | Reached skill level 8 in Necromancy
 17411 | Lair:3   | Reached skill level 8 in Translocations
 17411 | Lair:3   | Reached skill level 8 in Transmutations
 17411 | Lair:3   | Reached skill level 8 in Fire Magic
 17411 | Lair:3   | Reached skill level 8 in Ice Magic
 17411 | Lair:3   | Reached skill level 8 in Air Magic
 17411 | Lair:3   | Reached skill level 8 in Earth Magic
 17411 | Lair:3   | Reached skill level 8 in Poison Magic
 17447 | Lair:3   | Identified the +2 scale mail of Compression {Harm Rampage
                  | *Slow Str+5}
 17634 | Lair:3   | Reached skill level 10 in Stealth
 18274 | Lair:4   | Identified the +6 falchion "Atimn" {venom, rElec}
 18281 | Lair:4   | Learned a level 5 spell: Borgnjor's Vile Clutch
 18287 | Lair:4   | Learned a level 5 spell: Silence
 18293 | Lair:4   | Learned a level 5 spell: Fireball
 18998 | Lair:5   | Entered Level 5 of the Lair of Beasts
 19034 | Lair:4   | Reached skill level 10 in Short Blades
 19034 | Lair:4   | Reached skill level 10 in Long Blades
 19034 | Lair:4   | Reached skill level 10 in Axes
 19034 | Lair:4   | Reached skill level 10 in Maces & Flails
 19034 | Lair:4   | Reached skill level 10 in Polearms
 19034 | Lair:4   | Reached skill level 10 in Staves
 19034 | Lair:4   | Reached skill level 10 in Throwing
 19034 | Lair:4   | Reached skill level 10 in Armour
 19034 | Lair:4   | Reached skill level 11 in Dodging
 19034 | Lair:4   | Reached skill level 10 in Shields
 19034 | Lair:4   | Reached skill level 10 in Unarmed Combat
 19034 | Lair:4   | Reached skill level 10 in Spellcasting
 19034 | Lair:4   | Reached skill level 10 in Evocations
 19228 | Lair:5   | Found a staircase to the Slime Pits.
 19236 | Lair:5   | Reached skill level 13 in Ranged Weapons
 19326 | Lair:5   | Identified the +1 ring mail "Seomenn" {Slay+3 Stlth+}
 19332 | Lair:5   | Reached XP level 15. HP: 130/130 MP: 30/30
 19360 | Lair:5   | Reached skill level 11 in Invocations
 19798 | Lair:5   | Reached skill level 15 in Fighting
 20159 | Lair:5   | Found a large runed translucent door.
 20160 | Lair:5   | Found a large runed translucent door.
 21229 | Orc:1    | Noticed Urug
 21237 | Orc:1    | Found a runed translucent gate.
 21237 | Orc:1    | Found a runed translucent gate.
 21237 | Orc:1    | Found a runed translucent gate.
 21240 | Orc:1    | Killed Urug
 21275 | Orc:1    | Noticed kernmantle's ghost (journeyman OpWn)
 21481 | Orc:1    | Learned a level 4 spell: Flame Wave
 21501 | Orc:1    | Killed kernmantle's ghost
 21603 | Orc:2    | Entered Level 2 of the Orcish Mines
 21788 | Orc:2    | Paralysed by an orc sorcerer for 3 turns
 21813 | Orc:2    | Noticed Jorgrun
 21820 | Orc:2    | HP: 22/132 [constriction (12)]
 21822 | Orc:2    | Killed Jorgrun
 22076 | Orc:2    | Found a dark tunnel.
 22083 | Volcano  | Entered a volcano
 22107 | Volcano  | Reached skill level 9 in Conjurations
 22107 | Volcano  | Reached skill level 9 in Hexes
 22107 | Volcano  | Reached skill level 9 in Summonings
 22107 | Volcano  | Reached skill level 9 in Necromancy
 22107 | Volcano  | Reached skill level 9 in Translocations
 22107 | Volcano  | Reached skill level 9 in Transmutations
 22107 | Volcano  | Reached skill level 9 in Fire Magic
 22107 | Volcano  | Reached skill level 9 in Ice Magic
 22107 | Volcano  | Reached skill level 9 in Air Magic
 22107 | Volcano  | Reached skill level 9 in Earth Magic
 22107 | Volcano  | Reached skill level 9 in Poison Magic
 22139 | Volcano  | Reached skill level 11 in Stealth
 22305 | Volcano  | Reached XP level 16. HP: 140/140 MP: 32/32
 22531 | Orc:2    | Noticed Rupert
 22543 | Orc:2    | Killed Rupert
 22544 | Orc:2    | Reached skill level 11 in Short Blades
 22544 | Orc:2    | Reached skill level 11 in Long Blades
 22544 | Orc:2    | Reached skill level 11 in Axes
 22544 | Orc:2    | Reached skill level 11 in Maces & Flails
 22544 | Orc:2    | Reached skill level 11 in Polearms
 22544 | Orc:2    | Reached skill level 11 in Staves
 22544 | Orc:2    | Reached skill level 11 in Throwing
 22544 | Orc:2    | Reached skill level 11 in Armour
 22544 | Orc:2    | Reached skill level 11 in Shields
 22544 | Orc:2    | Reached skill level 11 in Unarmed Combat
 22544 | Orc:2    | Reached skill level 11 in Spellcasting
 22544 | Orc:2    | Reached skill level 11 in Evocations
 22931 | Orc:2    | Reached skill level 12 in Invocations
 23274 | Orc:2    | Reached skill level 12 in Dodging
 23362 | Orc:1    | Reached skill level 16 in Fighting
 23504 | Orc:2    | Found Fampa's General Store.
 23557 | Orc:2    | Noticed Nessos
 23561 | Orc:2    | Killed Nessos
 23562 | Orc:2    | Reached XP level 17. HP: 147/147 MP: 33/33
 23569 | Orc:2    | Found Saczu's Jewellery Boutique.
 23615 | Orc:2    | Found Jaon's Antique Armour Boutique.
 23621 | Orc:2    | Bought a pair of embroidered boots for 180 gold pieces
 23630 | Orc:2    | Found Vaakiku's Antique Weapon Boutique.
 23765 | Orc:2    | Found a staircase to the Elven Halls.
 23783 | Orc:2    | Reached *** piety under Ashenzari
 24323 | Snake:1  | Entered Level 1 of the Snake Pit
 24332 | Snake:1  | HP: 35/148 [black mamba (12)]
 24593 | Snake:1  | Learned a level 4 spell: Sticky Flame
 24598 | Snake:1  | Learned a level 4 spell: Olgreb's Toxic Radiance
 24613 | Snake:1  | Noticed Josephine
 24616 | Snake:1  | Killed Josephine
 24629 | Snake:1  | You are sucked into a shaft and drop 1 floor!
 24745 | Snake:1  | Identified Performing Successful Spellweaving
 24788 | Snake:1  | Reached skill level 14 in Ranged Weapons
 24796 | Snake:1  | HP: 37/149 [constriction[a naga ritualist] (3)]
 25777 | Snake:2  | Noticed Vashnia
 25887 | Snake:2  | Killed Vashnia
 25943 | Snake:2  | HP: 34/149 [shock serpent/bolt of electricity (23)]
 25944 | Snake:2  | HP: 9/149 [shock serpent/bolt of electricity (21)]
 25946 | Snake:2  | HP: 2/149 [shock serpent/bolt of electricity (8)]
 25947 | Snake:2  | Killed from afar by a shock serpent

Illustrated notes

Levels and vault maps discovered:
D:1:      psy_arrival_dodecagon, layout_basic,
          dreamdust_ecumenical_altar_sealed_demon
D:2:      layout_loops_cross, serial_shops, shop, minmay_misc_feat_cross,
          glass_columns_c, minmay_ruptured
D:3:      layout_basic, xom_butterflies, nicolae_qazlal_scattered_showers,
          nicolae_overflow_crystal_walls, tso_oasis_becter
D:4:      layout_cave_pools, kennysheep_mini, nicolae_wu_jian_wuxing_cycle,
          serial_column_ruins, column_ruins_circle_small, column_ruins_grid_3,
          column_ruins_open_large, column_ruins_grid_1, column_ruins_grid_1,
          column_ruins_open_tiny, chequers_hall_statues_wall_a,
          chequers_serial_rivers_micro_c, uniq_blork_the_orc
D:5:      minmay_evil_eye, layout_rooms, nicolae_ru_the_path_less_chosen,
          uniq_ijyb, uniq_grinder
D:6:      layout_basic, mainiacjoe_overflow_paths, serial_shops,
          nicolae_shop_tiny_statue_garden, uniq_eustachio
D:7:      layout_basic, trog_three_pillars_becter,
          minmay_temple_entry_antechambers, serial_shops, shop,
          patterned_corridor, uniq_crazy_yiuf_cottage
D:8:      layout_basic, mainiacjoe_overflow_brackets, minmay_misc_feat_rows,
          uniq_erica, uniq_gastronok
D:9:      layout_stronghold, grunt_temple_overflow_lords_of_destruction,
          orc_0_dummy, onia_ninara_cookie, uniq_harold
D:10:     layout_loops_ring, kiku_gazebo_garden_becter, cheibriados_altar_1,
          erik_lair_dragon, reono_crystal_passage, uniq_nergalle
D:11:     layout_big_octagon, portal_ice_cave_demonic_guard
D:12:     layout_loops_cross, grunt_ministairs_6
D:13:     layout_gridville, serial_shops, shop, st_stairs_14,
          nicolae_shop_firing_range
D:14:     layout_cave_pools, skrybe_vaults_entry_preservation,
          dreamdust_princess_bridge, lemuel_blue_sif_altar
D:15:     grunt_enter_depths_hoard, layout_stronghold,
          nicolae_trove_entry_path_of_doom, minmay_misc_feat_four_crosses,
          chequers_serial_rivers_room_a
Temple:   hellmonk_temple_forest_ring
Lair:1:   layout_cave_pods, hangedman_lair_unloving_vines, serial_bayou_pond_a,
          st_stairs_4, lemuel_fruit_tree
Lair:2:   minmay_lair_oklob_tunnel, layout_loops_ring,
          elwin_shoals_entry_stream, minmay_snake_entry_six_corridors
Lair:3:   layout_chaotic_city, serial_bayou_pond_d, cheibrodos_lair_reptile_den
Lair:4:   layout_big_grid, chequers_serial_rivers_micro_d,
          chequers_serial_rivers_small_b, serial_bayou_shore_a,
          infiniplex_staircase_pool_2
Lair:5:   cheibrodos_lair_end_hotspot, layout_regular_city, slime_entry_1,
          minmay_stone_trees_small
Snake:1:  layout_misc_corridors, uniq_josephine
Snake:2:  layout_misc_corridors, uniq_vashnia
Orc:1:    layout_caves, gammafunk_ghost_necromancy, statue_in_the_mist_lemuel,
          uniq_urug
Orc:2:    grunt_orc_cross, layout_caves, nicolae_volcano_entry_vermiform,
          uniq_jorgrun, uniq_rupert, uniq_nessos

Skill      XL: |  1  2  3  4  5  6  7  8  9 10 11 12 13 14 15 16 17 |
---------------+----------------------------------------------------+-----
Invocations    | 1 2 3 4 5 6 7 8 9 10 11 12 | 12.6
Short Blades   | 1 2 3 5 6 7 8 9 10 11 | 11.6
Long Blades    | 1 2 3 5 6 7 8 9 10 11 | 11.6
Axes           | 1 2 3 5 6 7 8 9 10 11 | 11.6
Maces & Flails | 1 2 3 5 6 7 8 9 10 11 | 11.6
Polearms       | 1 2 3 5 6 7 8 9 10 11 | 11.6
Staves         | 1 2 3 5 6 7 8 9 10 11 | 11.6
Throwing       | 1 2 3 5 6 7 8 9 10 11 | 11.6
Armour         | 1 2 3 5 6 7 8 9 10 11 | 11.6
Shields        | 1 2 3 5 6 7 8 9 10 11 | 11.6
Unarmed Combat | 1 2 3 5 6 7 8 9 10 11 | 11.6
Spellcasting   | 1 2 3 5 6 7 8 9 10 11 | 11.6
Evocations     | 1 2 3 5 6 7 8 9 10 11 | 11.6
Conjurations   | 1 2 3 4 5 6 7 8 9 |  9.8
Hexes          | 1 2 3 4 5 6 7 8 9 |  9.8
Summonings     | 1 2 3 4 5 6 7 8 9 |  9.8
Necromancy     | 1 2 3 4 5 6 7 8 9 |  9.8
Translocations | 1 2 3 4 5 6 7 8 9 |  9.8
Transmutations | 1 2 3 4 5 6 7 8 9 |  9.8
Fire Magic     | 1 2 3 4 5 6 7 8 9 |  9.8
Ice Magic      | 1 2 3 4 5 6 7 8 9 |  9.8
Air Magic      | 1 2 3 4 5 6 7 8 9 |  9.8
Earth Magic    | 1 2 3 4 5 6 7 8 9 |  9.8
Poison Magic   | 1 2 3 4 5 6 7 8 9 |  9.8
Fighting       | 5 6 7 8 9 11 12 13 14 15 16 | 16.7
Stealth        | 3 4 5 6 7 8 9 10 11 | 11.9
Dodging        | 5 6 7 8 9 10 11 12 | 12.5
Ranged Weapons | 9 10 11 12 13 14 | 14.2

Action                     |  1- 3 |  4- 6 |  7- 9 | 10-12 | 13-15 | 16-18 || total
---------------------------+-------+-------+-------+-------+-------+-------++-------
   Fire: Sling             |    26 |       |       |       |       |       ||    26
         Hand crossbow     |    32 |    66 |   176 |   434 |   862 |   414 ||  1984
   Cast: Flame Wave        |       |       |       |       |     2 |       ||     2
 Invoke: Curse Item        |       |       |       |     3 |     2 |     1 ||     6
         Shatter the Chain |       |       |       |       |     1 |       ||     1
  Evoke: Wand              |       |       |       |       |     1 |     1 ||     2
    Use: Scroll            |     3 |       |       |    13 |     3 |       ||    19
         Potion            |       |       |       |     2 |     1 |       ||     3
 Armour: Leather armour    |     5 |     5 |    15 |    83 |   173 |    33 ||   314
  Dodge: Dodged            |    14 |     8 |    50 |   224 |   378 |    94 ||   768
  Block: Kite shield       |       |       |       |    71 |   510 |   244 ||   825
         Reflection        |       |       |       |       |     6 |    29 ||    35

Levels and vault maps discovered:
D:1:      psy_arrival_dodecagon, layout_basic,
          dreamdust_ecumenical_altar_sealed_demon
D:2:      layout_loops_cross, serial_shops, shop, minmay_misc_feat_cross,
          glass_columns_c, minmay_ruptured
D:3:      layout_basic, xom_butterflies, nicolae_qazlal_scattered_showers,
          nicolae_overflow_crystal_walls, tso_oasis_becter
D:4:      layout_cave_pools, kennysheep_mini, nicolae_wu_jian_wuxing_cycle,
          serial_column_ruins, column_ruins_circle_small, column_ruins_grid_3,
          column_ruins_open_large, column_ruins_grid_1, column_ruins_grid_1,
          column_ruins_open_tiny, chequers_hall_statues_wall_a,
          chequers_serial_rivers_micro_c, uniq_blork_the_orc
D:5:      minmay_evil_eye, layout_rooms, nicolae_ru_the_path_less_chosen,
          uniq_ijyb, uniq_grinder
D:6:      layout_basic, mainiacjoe_overflow_paths, serial_shops,
          nicolae_shop_tiny_statue_garden, uniq_eustachio
D:7:      layout_basic, trog_three_pillars_becter,
          minmay_temple_entry_antechambers, serial_shops, shop,
          patterned_corridor, uniq_crazy_yiuf_cottage
D:8:      layout_basic, mainiacjoe_overflow_brackets, minmay_misc_feat_rows,
          uniq_erica, uniq_gastronok
D:9:      layout_stronghold, grunt_temple_overflow_lords_of_destruction,
          orc_0_dummy, onia_ninara_cookie, uniq_harold
D:10:     layout_loops_ring, kiku_gazebo_garden_becter, cheibriados_altar_1,
          erik_lair_dragon, reono_crystal_passage, uniq_nergalle
D:11:     layout_big_octagon, portal_ice_cave_demonic_guard
D:12:     layout_loops_cross, grunt_ministairs_6
D:13:     layout_gridville, serial_shops, shop, st_stairs_14,
          nicolae_shop_firing_range
D:14:     layout_cave_pools, skrybe_vaults_entry_preservation,
          dreamdust_princess_bridge, lemuel_blue_sif_altar
D:15:     grunt_enter_depths_hoard, layout_stronghold,
          nicolae_trove_entry_path_of_doom, minmay_misc_feat_four_crosses,
          chequers_serial_rivers_room_a
Temple:   hellmonk_temple_forest_ring
Lair:1:   layout_cave_pods, hangedman_lair_unloving_vines, serial_bayou_pond_a,
          st_stairs_4, lemuel_fruit_tree
Lair:2:   minmay_lair_oklob_tunnel, layout_loops_ring,
          elwin_shoals_entry_stream, minmay_snake_entry_six_corridors
Lair:3:   layout_chaotic_city, serial_bayou_pond_d, cheibrodos_lair_reptile_den
Lair:4:   layout_big_grid, chequers_serial_rivers_micro_d,
          chequers_serial_rivers_small_b, serial_bayou_shore_a,
          infiniplex_staircase_pool_2
Lair:5:   cheibrodos_lair_end_hotspot, layout_regular_city, slime_entry_1,
          minmay_stone_trees_small
Snake:1:  layout_misc_corridors, uniq_josephine
Snake:2:  layout_misc_corridors, uniq_vashnia
Orc:1:    layout_caves, gammafunk_ghost_necromancy, statue_in_the_mist_lemuel,
          uniq_urug
Orc:2:    grunt_orc_cross, layout_caves, nicolae_volcano_entry_vermiform,
          uniq_jorgrun, uniq_rupert, uniq_nessos

Table legend: (Time is in decaauts)
 A = Elapsed time spent in this place.
 B = Non-inter-level travel time spent in this place.
 C = Inter-level travel time spent in this place.
 D = Time resting spent in this place.
 E = Time spent auto-exploring this place.
 F = Levels seen in this place.
 G = Mean time per level.
                   A        B        C        D        E       F      G
               +--------+--------+--------+--------+--------+-----+--------+
         Total |  26669 |  23897 |   2772 |    686 |  18833 |  27 |  987.7 |
       Dungeon |  15024 |  13286 |   1738 |    195 |  11038 |  15 | 1001.6 |
        Temple |    183 |    149 |     34 |      0 |    135 |   1 |  183.0 |
          Lair |   6678 |   5972 |    706 |      0 |   4973 |   5 | 1335.6 |
     Snake Pit |   1431 |   1361 |     70 |    243 |    704 |   2 |  715.5 |
  Orcish Mines |   2700 |   2477 |    223 |    236 |   1560 |   2 | 1350.0 |
      Ice Cave |    217 |    217 |      0 |      0 |    150 |   1 |  217.0 |
       Volcano |    433 |    433 |      0 |     12 |    273 |   1 |  433.0 |
               +--------+--------+--------+--------+--------+-----+--------+

Top non-repeatable levels by time:
  Lair:2: 1940 daAuts
  Lair:5: 1643 daAuts
   Orc:2: 1603 daAuts
    D:10: 1438 daAuts
    D:14: 1269 daAuts
 Snake:1: 1188 daAuts
  Lair:4: 1161 daAuts
     D:7: 1149 daAuts
    D:11: 1143 daAuts
     D:6: 1133 daAuts
    D:13: 1126 daAuts
   Orc:1: 1097 daAuts
     D:9: 1076 daAuts
  Lair:1: 1025 daAuts
     D:1: 1003 daAuts

Table legend:
 A = Kills in this place as a percentage of kills in the entire game.
 B = Kills by you in this place as a percentage of kills by you in the entire game.
 C = Kills by friends in this place as a percentage of kills by friends in the entire game.
 D = Other kills in this place as a percentage of other kills in the entire game.
 E = Experience gained in this place as a percentage of experience gained in the entire game.
 F = Experience gained in this place divided by the number of levels of this place that you have seen.
                   A       B       C       D       E      F
               +-------+-------+-------+-------+-------+----------------------
         Total | 100.0 | 100.0 |   N/A |   N/A | 100.0 | 6205.3
       Dungeon |  48.2 |  48.2 |   N/A |   N/A |  29.8 | 3323.1
          Lair |  26.5 |  26.5 |   N/A |   N/A |  32.1 | 10752.4
     Snake Pit |   9.1 |   9.1 |   N/A |   N/A |  21.2 | 17743.0
  Orcish Mines |  13.3 |  13.3 |   N/A |   N/A |  12.0 | 10080.5
      Ice Cave |   1.3 |   1.3 |   N/A |   N/A |   1.4 | 2357.0
       Volcano |   1.5 |   1.5 |   N/A |   N/A |   3.5 | 5931.0
               +-------+-------+-------+-------+-------+----------------------
